 Dungeon Sprint DCSS version 0.21-a0-264-g3e31e41 (webtiles) character file.

17500000 AvylaarBelgium the Intangible (level 27, -4/323 HPs)
             Began as a Troll Warper on Sept 10, 2017.
             Was the Champion of Makhleb.
             Killed from afar by an observer (21 damage)
             ... with a fireball
             ... in the Dungeon (Sprint VIII: "Arena of Blood").
             The game lasted 00:05:03 (175 turns).

AvylaarBelgium the Intangible (Troll Warper)         Turns: 175, Time: 00:05:04

Health: -4/323     AC:  7    Str: 27    XL:     27
Magic:  47/53      EV: 31    Int:  9    God:    Makhleb [******]
Gold:   0          SH:  0    Dex: 18    Spells: 80/80 levels left

rFire    + . .     SeeInvis +   l - +∞ Axe of Woe
rCold    . . .     Gourm    +   (shield currently unavailable)
rNeg     . . .     Faith    .   b - +0 robe
rPois    .         Spirit   .   (helmet restricted)
rElec    .         Reflect  .   (no cloak)
rCorr    .         Harm     .   (gloves unavailable)
MR       ++...     NoTele   +   (boots unavailable)
Stlth    +++++++++.             (no amulet)
HPRegen  1.03/turn              m - ring of see invisible
MPRegen  0.33/turn              n - ring of protection from fire

@: hasted and slowed
A: unfitting armour, claws 3, fast metabolism 3, gourmand, regeneration 1,
shaggy fur 1, tough skin 2
a: Minor Destruction, Lesser Servant of Makhleb, Major Destruction, Greater
Servant of Makhleb, Renounce Religion


You were in the Dungeon.
You worshipped Makhleb.
Makhleb was exalted by your worship.
You were not hungry.

You visited 1 branch

Inventory:

Hand Weapons
 a - a +0 hand axe
 l - the +∞ Axe of Woe (weapon)
   (You found it in the Dungeon)
Missiles
 e - 5 tomahawks of dispersal (quivered)
Armour
 b - a +0 robe (worn)
Jewellery
 m - a ring of see invisible (left claw)
 n - a ring of protection from fire (right claw)
Scrolls
 d - 2 scrolls of blinking
Potions
 j - 2 potions of magic
 k - a potion of berserk rage
Books
 c - a book of Spatial Translocations

   Spells                             Type                      Level
   a - Blink                          Translocation                2
   b - Shroud of Golubria             Charms/Translocation         2
   c - Lesser Beckoning               Translocation                3
   d - Gell's Gravitas                Translocation                3
   e - Teleport Other                 Translocation                3
   f - Passage of Golubria            Translocation                4
Comestibles
 f - 2 bread rations


   Skills:
 O Level 27 Fighting
 O Level 27 Axes
 O Level 27 Throwing
 O Level 27 Armour
 O Level 27 Dodging
 O Level 27 Stealth
 O Level 27 Unarmed Combat
 O Level 27 Spellcasting
   Level 2.1 Translocations
 O Level 27 Invocations


You had 80 spell levels left.
You didn't know any spells.

Dungeon Overview and Level Annotations

Branches:
Dungeon (1/1)

Altars:
Makhleb


Innate Abilities, Weirdness & Mutations

You are too large for most types of armour.
You have claws for hands.
Your metabolism is lightning-fast.
You like to eat raw meat.
Your natural rate of healing is unusually fast.
You are covered in fur. (AC +1)
You have very tough skin. (AC +2)


Message History

You kill the fleshlord!
Makhleb accepts your kill.
You hit the large abomination.
You hew the large abomination savagely.
You destroy the large abomination!
You hear a shout! x3
The dread throws damnation at you.
The sphere of damnation explodes!
The damnation engulfs you!
* * * LOW HITPOINT WARNING * * *
Unknown command.
Unknown command.
Unknown command.
Press: ? - help, v - describe, . - travel
Here: a dread The floor, spattered with blood.
Unknown command.
Okay, then.
The eight-headed meat hydra roars!
You hear a shout! x4
The observer gazes at you.
The fireball explodes!
The fireball engulfs you! You resist.
You die...

#.........#..
.###.
#....#...DV..
.....
#%))%##SL....
....
#))).D#Oo...#
..#
#))%...###...
..#
#)).%X##L...#
#
#))))#.G.....
....
#..)O#)......
.....
#...@.SW.....
.###.
#......X.....
#.
#............
#.
#.........#..
..
#........#.#.
#.........#.#
#..###...#.#.
#.. #...#.


You could see a tentacled monstrosity, a tyrant, an eight-headed meat hydra, an
observer (invisible), a scourge, a large abomination, a dread and a meat
berserker (berserk).

Vanquished Creatures
  3 hell knights (D)
  9 hell beasts (D)
  5 greater mummies (D)
  3 great orbs of eyes (D)
  A wraith (D)
  Harold (D)
  13 vampire knights (D)
  38 ogres (D)
  3 two-headed ogres (D)
  2 liches (D)
  4 hydras (D)
  107 orcs (D)
  7 phantoms (D)
  7 skeletal warriors (D)
  4 sea snakes (D)
  9 small abominations (D)
  11 crawling corpses (D)
227 creatures vanquished.

Vanquished Creatures (others)
  2 crawling corpses (D)
2 creatures vanquished.

Grand Total: 229 creatures vanquished

Notes
Turn   | Place    | Note
-------+----------+-------------------------------------------
     0 | D        | Found the +∞ Axe of Woe
     0 | D        | AvylaarBelgium the Troll Warper began the quest for the Orb.
     0 | D        | Reached XP level 1. HP: 19/19 MP: 1/1
     2 | D        | Noticed a bag of meat
     3 | D        | Noticed a bag of meat
     3 | D        | Became a worshipper of Makhleb the Destroyer
     4 | D        | Noticed a meat berserker
     7 | D        | Killed a meat berserker
     7 | D        | Reached skill level 5 in Throwing
     7 | D        | Reached XP level 2. HP: 50/50 MP: 1/13
     7 | D        | Reached XP level 3. HP: 58/58 MP: 1/15
     7 | D        | Reached XP level 4. HP: 67/67 MP: 1/16
     7 | D        | Reached XP level 5. HP: 75/75 MP: 1/18
     7 | D        | Reached XP level 6. HP: 84/84 MP: 1/19
     7 | D        | Reached XP level 7. HP: 92/92 MP: 1/21
     7 | D        | Reached XP level 8. HP: 101/101 MP: 1/22
     7 | D        | Reached XP level 9. HP: 109/109 MP: 1/23
     7 | D        | Reached XP level 10. HP: 118/118 MP: 1/24
     7 | D        | Reached XP level 11. HP: 124/124 MP: 1/25
     7 | D        | Reached XP level 12. HP: 133/133 MP: 1/26
     7 | D        | Reached XP level 13. HP: 141/141 MP: 1/27
     8 | D        | Noticed a meat berserker
     8 | D        | Noticed a bag of meat
     8 | D        | Killed a bag of meat
     8 | D        | Reached * piety under Makhleb
     9 | D        | Noticed a bag of meat
     9 | D        | Noticed a bag of meat
    10 | D        | Noticed a bag of meat
    10 | D        | Noticed a meat berserker
    10 | D        | Noticed a bag of meat
    11 | D        | Noticed a meat berserker
    11 | D        | Noticed a bag of meat
    11 | D        | Noticed a meat berserker
    12 | D        | Noticed a bag of meat
    12 | D        | Noticed a bag of meat
    12 | D        | Noticed a bag of meat
    12 | D        | Noticed a bag of meat
    12 | D        | Noticed a bag of meat
    12 | D        | Noticed a bag of meat
    13 | D        | Noticed a bag of meat
    13 | D        | Noticed a bag of meat
    13 | D        | Killed a bag of meat
    13 | D        | Reached skill level 15 in Axes
    13 | D        | Reached XP level 14. HP: 122/157 MP: 2/30
    14 | D        | Noticed a bag of meat
    14 | D        | Noticed a bag of meat
    14 | D        | Noticed a bag of meat
    14 | D        | Noticed a bag of meat
    14 | D        | Noticed a meat berserker
    14 | D        | Killed a meat berserker
    14 | D        | Reached skill level 15 in Spellcasting
    14 | D        | Reached XP level 15. HP: 57/170 MP: 2/33
    14 | D        | Killed a meat berserker
    14 | D        | Reached ** piety under Makhleb
    14 | D        | Reached XP level 16. HP: 181/185 MP: 2/35
    14 | D        | Killed a meat berserker
    15 | D        | Noticed a meat berserker
    15 | D        | Noticed a meat berserker
    15 | D        | Reached *** piety under Makhleb
    15 | D        | Reached XP level 17. HP: 198/198 MP: 3/38
    15 | D        | Reached **** piety under Makhleb
    16 | D        | Noticed a meat berserker
    16 | D        | Killed a meat berserker
    16 | D        | Reached skill level 10 in Throwing
    16 | D        | Reached XP level 18. HP: 215/215 MP: 3/41
    16 | D        | Reached skill level 27 in Dodging
    17 | D        | Reached XP level 19. HP: 231/231 MP: 3/43
    17 | D        | Reached ***** piety under Makhleb
    17 | D        | Reached skill level 27 in Axes
    18 | D        | Noticed a meat berserker
    19 | D        | Noticed a large bag of meat
    19 | D        | Killed a meat berserker
    19 | D        | Reached skill level 27 in Fighting
    19 | D        | Reached XP level 20. HP: 256/256 MP: 4/48
    20 | D        | Killed a meat berserker
    20 | D        | Reached skill level 27 in Spellcasting
    20 | D        | Killed a meat berserker
    20 | D        | Reached ****** piety under Makhleb
    20 | D        | Reached XP level 21. HP: 265/265 MP: 4/51
    21 | D        | Reached skill level 27 in Throwing
    21 | D        | Reached skill level 10 in Unarmed Combat
    22 | D        | Noticed a destroyer
    23 | D        | Reached skill level 10 in Armour
    23 | D        | Reached skill level 10 in Stealth
    23 | D        | Reached skill level 15 in Unarmed Combat
    23 | D        | Reached XP level 22. HP: 275/275 MP: 5/52
    23 | D        | Reached skill level 15 in Invocations
    23 | D        | Reached skill level 15 in Armour
    25 | D        | Noticed a destroyer
    25 | D        | Reached skill level 15 in Stealth
    25 | D        | Reached XP level 23. HP: 284/284 MP: 5/53
    26 | D        | Noticed a destroyer
    27 | D        | Noticed a destroyer
    28 | D        | Reached skill level 27 in Unarmed Combat
    28 | D        | Killed a large bag of meat
    28 | D        | Reached XP level 24. HP: 231/295 MP: 6/53
    28 | D        | Reached skill level 27 in Invocations
    30 | D        | Reached skill level 27 in Armour
    30 | D        | Killed a destroyer
    30 | D        | Reached skill level 27 in Stealth
    30 | D        | Reached XP level 25. HP: 304/304 MP: 7/53
    31 | D        | Killed a destroyer
    31 | D        | Killed a destroyer
    31 | D        | Reached XP level 26. HP: 314/314 MP: 7/53
    33 | D        | Noticed a destroyer
    36 | D        | Noticed a destroyer
    42 | D        | Killed a destroyer
    42 | D        | Reached XP level 27. HP: 323/323 MP: 10/53
    44 | D        | Killed a destroyer
    45 | D        | Noticed a destroyer
    47 | D        | Noticed The Servant
    48 | D        | Noticed an accursed
    50 | D        | Noticed an accursed
    50 | D        | Killed a destroyer
    51 | D        | Killed a destroyer
    52 | D        | Noticed a destroyer
    53 | D        | Killed an accursed
    55 | D        | Killed an accursed
    57 | D        | Noticed a destroyer
    58 | D        | Noticed an accursed
    58 | D        | Killed The Servant
    58 | D        | Killed a destroyer
    61 | D        | Noticed a meat beast
    66 | D        | Killed a meat beast
    69 | D        | Killed an accursed
    73 | D        | Killed a destroyer
    75 | D        | Noticed a meat beast
    79 | D        | Noticed a meat beast
    83 | D        | Noticed a meat beast
    83 | D        | Killed a meat beast
    83 | D        | Killed a meat beast
    87 | D        | Killed a meat beast
    99 | D        | HP: 6/323 [bag of meat/+9 war axe (13)]
   104 | D        | Noticed a tyrant
   110 | D        | Noticed a meat beast
   110 | D        | Noticed a destroyer
   110 | D        | Noticed a destroyer
   110 | D        | Noticed a meat beast
   113 | D        | Noticed a large bag of meat
   114 | D        | Noticed a destroyer
   115 | D        | Noticed a tyrant
   115 | D        | Noticed a destroyer
   116 | D        | Noticed a meat beast
   117 | D        | Killed a meat beast
   118 | D        | Noticed a tyrant
   118 | D        | Killed a destroyer
   119 | D        | Killed a large bag of meat
   119 | D        | Killed a destroyer
   120 | D        | Noticed an accursed
   120 | D        | Killed a meat beast
   121 | D        | Noticed a large bag of meat
   123 | D        | Killed a meat beast
   124 | D        | Noticed an accursed
   125 | D        | Noticed a fleshlord
   130 | D        | Killed a destroyer
   132 | D        | Noticed a fleshlord
   133 | D        | Killed a destroyer
   133 | D        | Killed a fleshlord
   134 | D        | Killed a large bag of meat
   134 | D        | Killed a tyrant
   135 | D        | Killed an accursed
   142 | D        | Killed a tyrant
   145 | D        | Killed an accursed
   148 | D        | Noticed a fleshlord
   148 | D        | Noticed a meat beast
   153 | D        | Noticed a dread
   153 | D        | Killed a meat beast
   156 | D        | Killed a fleshlord
   160 | D        | Killed a dread
   161 | D        | Noticed a fleshlord
   161 | D        | Noticed a meat beast
   162 | D        | Noticed a tyrant
   164 | D        | Killed a meat beast
   165 | D        | Noticed a destroyer
   170 | D        | Noticed a dread
   171 | D        | Noticed a tyrant
   174 | D        | Killed a fleshlord
   174 | D        | HP: 16/323 [dread/damnation (34)]
   175 | D        | Killed from afar by an observer

Vault maps used:
D:        meatsprint

Skill      XL: |  1  2  3  4  5  6  7  8  9 10 11 12 13 14 15 16 17 18 19 20 21 22 23 24 |
---------------+-------------------------------------------------------------------------+-----
Fighting       | 12 14 16 17 19 21 23 27 | 27.0
Axes           | 12 15 16 19 21 24 26 27 | 27.0
Throwing       | 5 6 7 8 9 10 11 12 26 27 | 27.0
Dodging        | 16 18 20 22 24 26 27 | 27.0
Spellcasting   | 11 13 15 16 18 20 21 25 27 | 27.0
Armour         | 13 19 25 27 | 27.0
Stealth        | 10 15 20 27 | 27.0
Unarmed Combat | 15 22 27 | 27.0
Invocations    | 14 21 26 27 | 27.0
Translocations | |  2.1

Action                   |  1- 3 |  4- 6 |  7- 9 | 10-12 | 13-15 | 16-18 | 19-21 | 22-24 | 25-27 || total
-------------------------+-------+-------+-------+-------+-------+-------+-------+-------+-------++-------
Melee: Executioner's axe |     1 |       |       |       |     3 |     3 |     4 |     4 |    97 ||   112
  Use: Potion            |       |       |       |       |       |       |       |       |     3 ||     3
Armor: Robe              |       |       |       |       |       |       |       |       |     4 ||     4
Dodge: Dodged            |       |       |       |       |     1 |       |     1 |     3 |    18 ||    23

Table legend:
 A = Spawn XP
 B = Non-spawn XP
 C = Spawn XP percentage of total XP
 D = Spawn monster count
 E = Non-spawn monster count
 F = Spawn count percentage of total count
 G = Total turns spent on level
                    A         B        C        D         E        F      G
               +---------+---------+-------+---------+---------+-------+---------
         Total |       0 | 6202225 |   0.0 |       0 |     214 |   0.0 |   175
               +---------+---------+-------+---------+---------+-------+---------
             D |       0 | 6202225 |   0.0 |       0 |     214 |   0.0 |   175
               +---------+---------+-------+---------+---------+-------+---------
